 Dungeon Sprint DCSS version 0.18.1-5-g4a78601 (webtiles) character file.

13200000 Dungeonaut the Conqueror (level 27, -50/323 HPs)
             Began as a Demonspawn Chaos Knight on May 9, 2016.
             Was the Champion of Makhleb.
             Annihilated by a meat berserker
             ... wielding a +9 battleaxe
              (56 damage)
             ... in the Dungeon (Sprint VIII: "Arena of Blood").
             The game lasted 00:07:32 (132 turns).

Dungeonaut the Conqueror (Demonspawn Chaos Knight)   Turns: 132, Time: 00:07:32

Health: -50/323    AC:  8    Str: 13    XL:     27
Magic:  48/54      EV: 40    Int: 14    God:    Makhleb [******]
Gold:   0          SH:  0    Dex: 31    Spells: 0 memorised, 80 levels left

rFire  . . .     SeeInvis .     j - +∞ Axe of Woe
rCold  + . .     Gourm    .     b - +2 leather armour
rNeg   . . .     Faith    .     (shield currently unavailable)
rPois  .         Spirit   .     (helmet unavailable)
rElec  .         Dismiss  .     (no cloak)
rCorr  .         Reflect  .     (no gloves)
SustAt .         Harm     .     (no boots)
MR     ++...     NoTele   +     (no amulet)
Stlth  ++++++++++               (no ring)
                                e - +200 ring of slaying

@: very slightly contaminated, very resistant to hostile enchantments, uncannily
stealthy
A: horns 3, thin skeletal structure 3, cold resistance 1, icemail, nightstalker
3, robust 3, freezing cloud immunity
a: Minor Destruction, Lesser Servant of Makhleb, Major Destruction, Greater
Servant of Makhleb, Renounce Religion


You were in the Dungeon.
You worshipped Makhleb.
Makhleb was exalted by your worship.
You were not hungry.

You visited 1 branch

Inventory:

Hand Weapons
 a - a +0 hand axe of chaos
 j - the +∞ Axe of Woe (weapon)
   (You found it in the Dungeon)
Armour
 b - a +2 leather armour (worn)
Jewellery
 e - a +200 ring of slaying (left hand)
 k - a +30 ring of slaying
 l - a +30 ring of slaying
 m - a +30 ring of slaying
 n - a +200 ring of slaying
 o - a +250 ring of slaying
 p - a +30 ring of slaying
 q - a +100 ring of slaying
 r - a +30 ring of slaying
 s - a +30 ring of slaying
 t - a +30 ring of slaying
 u - a +30 ring of slaying
 v - a +30 ring of slaying
 w - a +200 ring of slaying
 x - a +200 ring of slaying
 y - a +30 ring of slaying
 z - a +30 ring of slaying
 A - a +30 ring of slaying
 B - a +30 ring of slaying
 C - a +30 ring of slaying
 D - a +30 ring of slaying
 E - a +30 ring of slaying
 F - a +30 ring of slaying
 G - a +30 ring of slaying
 H - a +30 ring of slaying
 I - a +30 ring of slaying
Potions
 f - a potion of haste
 g - 2 potions of magic
 h - a potion of berserk rage
Comestibles
 c - a bread ration


   Skills:
 O Level 27 Fighting
 O Level 27 Axes
 O Level 27 Throwing
 O Level 27 Armour
 O Level 27 Dodging
 O Level 27 Stealth
 O Level 27 Unarmed Combat
 O Level 27 Spellcasting
 O Level 27 Invocations


You had 80 spell levels left.
You didn't know any spells.

Dungeon Overview and Level Annotations

Branches:
Dungeon (1/1)

Altars:
Makhleb


Innate Abilities, Weirdness & Mutations

You have a pair of large horns on your head.
You have an unnaturally thin skeletal structure (Dex +6, Stealth++).
Your flesh is cold resistant.
A meltable icy envelope protects you from harm (AC +0).
You are completely attuned to the shadows.
You are extremely robust (+30% HP).
You are immune to freezing clouds.


Message History

You hear a shout!
The eight-headed meat hydra calls on the powers of darkness!
The eight-headed meat hydra convulses!
The meat berserker convulses!
The bag of meat convulses!
The meat berserker convulses!
The bag of meat convulses!
Your body is wracked with pain!
* * * LOW HITPOINT WARNING * * *
The bag of meat convulses!
The meat berserker convulses!
The fleshlord convulses!
You hear a shout!
The meat beast bites you!!
* * * LOW HITPOINT WARNING * * *
The meat beast tramples you.
* * * LOW HITPOINT WARNING * * *
You hold your ground!
You hear a shout! x2
The accursed gestures at you while chanting.
Something smites you!
* * * LOW HITPOINT WARNING * * *
The meat berserker hits you with a +9 battleaxe!!!
You die...

.. .o.o ... o..
#.. ..%o# #..
.o.V# o .###..
..D.###O.
.....)###)O2.oD.
...op.O§M)O@%Ooo
...W#2§p)§#.%%o.
.. #_§p._#O....
#.W%..#.....
..Op._...2....
...O..###.%....
.###.. ..###.
#.. ..# #.. ..#


You could see an accursed, 2 meat beasts, 2 eight-headed meat hydras, a
destroyer, 2 fleshlords, 5 meat berserkers and 7 bags of meat.

Vanquished Creatures
  2 hell beasts (D)
  3 greater mummies (D)
  A great orb of eyes (D)
  2 wraiths (D)
  10 vampire knights (D)
  23 ogres (D)
  A lich (D)
  A hydra (D)
  30 orcs (D)
  4 phantoms (D)
  2 hill giants (D)
  2 skeletal warriors (D)
  A sea snake (D)
  5 large abominations (D)
  2 small abominations (D)
  2 crawling corpses (D)
91 creatures vanquished.

Notes
Turn   | Place    | Note
--------------------------------------------------------------
     0 | D        | Dungeonaut the Demonspawn Chaos Knight began the quest for the Orb.
     0 | D        | Reached XP level 1. HP: 18/18 MP: 1/1
     3 | D        | Noticed a bag of meat
     4 | D        | Fell from the grace of Xom
     4 | D        | Became a worshipper of Makhleb the Destroyer
     6 | D        | Noticed a bag of meat
     6 | D        | Noticed a meat berserker
     7 | D        | Noticed a bag of meat
     7 | D        | Noticed a meat berserker
     8 | D        | Killed a meat berserker
     8 | D        | Gained mutation: You have a somewhat thin skeletal structure (Dex +2, Stealth). [demonic ancestry]
     8 | D        | Reached XP level 2. HP: 54/54 MP: 2/2
     8 | D        | Reached XP level 3. HP: 60/60 MP: 3/3
     8 | D        | Gained mutation: Your flesh is cold resistant. [demonic ancestry]
     8 | D        | Reached XP level 4. HP: 68/68 MP: 4/4
     8 | D        | Gained mutation: You have a moderately thin skeletal structure (Dex +4, Stealth+). [demonic ancestry]
     8 | D        | Reached XP level 5. HP: 74/74 MP: 5/5
     8 | D        | Gained mutation: You are immune to freezing clouds. [demonic ancestry]
     8 | D        | Reached XP level 6. HP: 82/82 MP: 6/6
     8 | D        | Gained mutation: You have an unnaturally thin skeletal structure (Dex +6, Stealth++). [demonic ancestry]
     8 | D        | Reached XP level 7. HP: 88/88 MP: 7/7
     8 | D        | Reached XP level 8. HP: 96/96 MP: 8/8
     8 | D        | Reached XP level 9. HP: 102/102 MP: 9/9
     8 | D        | Gained mutation: You have a pair of small horns on your head. [demonic ancestry]
     8 | D        | Reached XP level 10. HP: 110/110 MP: 10/10
     8 | D        | Gained mutation: You are slightly more attuned to the shadows. [demonic ancestry]
     8 | D        | Reached XP level 11. HP: 116/116 MP: 11/11
     8 | D        | Gained mutation: A meltable icy envelope protects you from harm (AC +0). [demonic ancestry]
     8 | D        | Reached XP level 12. HP: 124/124 MP: 12/12
     8 | D        | Reached XP level 13. HP: 130/130 MP: 13/13
     9 | D        | Noticed a meat berserker
     9 | D        | Killed a meat berserker
     9 | D        | Reached * piety under Makhleb
     9 | D        | Reached XP level 14. HP: 145/145 MP: 14/14
     9 | D        | Killed a bag of meat
    10 | D        | Killed a bag of meat
    10 | D        | Reached ** piety under Makhleb
    10 | D        | Reached XP level 15. HP: 158/158 MP: 15/15
    11 | D        | Noticed a meat berserker
    12 | D        | Killed a meat berserker
    12 | D        | Reached skill level 27 in Fighting
    12 | D        | Reached skill level 27 in Axes
    12 | D        | Reached skill level 5 in Dodging
    13 | D        | Noticed a meat berserker
    15 | D        | Killed a meat berserker
    15 | D        | Reached *** piety under Makhleb
    15 | D        | Reached XP level 16. HP: 167/167 MP: 16/16
    17 | D        | Killed a meat berserker
    17 | D        | Reached XP level 17. HP: 174/174 MP: 17/17
    17 | D        | Reached **** piety under Makhleb
    17 | D        | Reached skill level 27 in Armour
    22 | D        | Reached ***** piety under Makhleb
    22 | D        | Gained mutation: You have a pair of horns on your head. [demonic ancestry]
    22 | D        | Reached XP level 18. HP: 182/182 MP: 18/18
    22 | D        | Reached skill level 27 in Dodging
    26 | D        | Reached skill level 10 in Throwing
    26 | D        | Reached skill level 10 in Unarmed Combat
    26 | D        | Reached skill level 10 in Spellcasting
    26 | D        | Gained mutation: You are significantly more attuned to the shadows. [demonic ancestry]
    26 | D        | Reached XP level 19. HP: 189/189 MP: 18/33
    27 | D        | Noticed a destroyer
    28 | D        | Reached ****** piety under Makhleb
    29 | D        | Noticed an eight-headed meat hydra
    29 | D        | Noticed a large bag of meat
    30 | D        | Killed a destroyer
    30 | D        | Gained mutation: You are robust (+10% HP). [demonic ancestry]
    30 | D        | Reached XP level 20. HP: 96/216 MP: 19/40
    32 | D        | Noticed a destroyer
    33 | D        | Killed a destroyer
    36 | D        | Killed a nine-headed meat hydra
    36 | D        | Reached skill level 27 in Invocations
    36 | D        | Reached XP level 21. HP: 224/224 MP: 20/45
    52 | D        | Noticed a destroyer
    53 | D        | Noticed a destroyer
    53 | D        | Noticed a destroyer
    53 | D        | Killed a destroyer
    53 | D        | Reached skill level 27 in Stealth
    53 | D        | Gained mutation: You have a pair of large horns on your head. [demonic ancestry]
    53 | D        | Reached XP level 22. HP: 233/233 MP: 25/51
    55 | D        | Noticed a destroyer
    55 | D        | Killed a destroyer
    55 | D        | Reached skill level 27 in Throwing
    55 | D        | Reached skill level 27 in Unarmed Combat
    55 | D        | Reached skill level 27 in Spellcasting
    56 | D        | Killed a destroyer
    56 | D        | Gained mutation: You are very robust (+20% HP). [demonic ancestry]
    56 | D        | Reached XP level 23. HP: 233/262 MP: 25/54
    59 | D        | Killed a destroyer
    61 | D        | Gained mutation: You are extremely robust (+30% HP). [demonic ancestry]
    61 | D        | Reached XP level 24. HP: 262/295 MP: 27/54
    69 | D        | Reached XP level 25. HP: 304/304 MP: 29/54
    70 | D        | Noticed a destroyer
    74 | D        | Noticed a destroyer
    74 | D        | Killed a destroyer
    77 | D        | Noticed an accursed
    78 | D        | Noticed a destroyer
    78 | D        | Gained mutation: You are completely attuned to the shadows. [demonic ancestry]
    78 | D        | Reached XP level 26. HP: 314/314 MP: 32/54
    80 | D        | Killed a destroyer
    83 | D        | Killed an accursed
    83 | D        | Reached XP level 27. HP: 163/323 MP: 33/54
    83 | D        | Killed a destroyer
    88 | D        | Noticed a meat beast
    89 | D        | Noticed a dread
    92 | D        | Killed a dread
   105 | D        | Noticed a meat beast
   106 | D        | Noticed a tyrant
   107 | D        | Noticed a dread
   107 | D        | Killed a meat beast
   108 | D        | Killed a dread
   109 | D        | Killed a tyrant
   113 | D        | Noticed an accursed
   114 | D        | Noticed a destroyer
   118 | D        | Killed a destroyer
   123 | D        | Noticed a dread
   124 | D        | Noticed an accursed
   124 | D        | Killed an accursed
   127 | D        | Noticed a meat beast
   127 | D        | Noticed a fleshlord
   127 | D        | Killed an accursed
   129 | D        | Noticed an accursed
   129 | D        | Noticed a dread
   129 | D        | Killed a meat beast
   129 | D        | Noticed a fleshlord
   130 | D        | Noticed a destroyer
   130 | D        | Noticed a tyrant
   132 | D        | HP: 6/323 [accursed/divine providence (11)]
   132 | D        | Annihilated by a meat berserker

Skill      XL: |  1  2  3  4  5  6  7  8  9 10 11 12 13 14 15 16 17 18 19 20 21 22 |
---------------+-------------------------------------------------------------------+-----
Fighting       | 21 24 26 27 | 27.0
Axes           | 19 22 24 27 | 27.0
Armour         | 11 12 14 22 26 27 | 27.0
Dodging        | 3 4 9 12 25 27 | 27.0
Throwing       | 10 16 20 25 27 | 27.0
Stealth        | 11 18 22 27 | 27.0
Unarmed Combat | 10 16 20 25 27 | 27.0
Spellcasting   | 10 16 20 25 27 | 27.0
Invocations    | 14 22 27 | 27.0

Action                   |  1- 3 |  4- 6 |  7- 9 | 10-12 | 13-15 | 16-18 | 19-21 | 22-24 | 25-27 || total
-------------------------+-------+-------+-------+-------+-------+-------+-------+-------+-------++-------
Melee: Executioner's axe |     1 |       |       |       |     4 |     7 |     9 |    10 |    32 ||    63
  Use: Potion            |       |       |       |       |       |       |     1 |       |     1 ||     2
       Scroll            |       |       |       |       |       |       |       |       |     1 ||     1
Armor: Leather armour    |       |       |       |       |       |       |       |       |     2 ||     2
Dodge: Dodged            |       |       |       |       |       |       |     2 |     1 |    11 ||    14
